 Dungeon Crawl Stone Soup version 0.28.0-45-g0d030f2227 (webtiles) character file.

Game seed: 14901976849657695313

211 Uileat the Chopper (level 5, -1/47 HPs)
             Began as a Minotaur Fighter on Apr 12, 2022.
             Slain by a gnoll
             ... wielding a +0 spear
              (3 damage)
             ... on level 4 of the Dungeon.
             The game lasted 00:13:35 (1638 turns).

Uileat the Chopper (Minotaur Fighter)               Turns: 1638, Time: 00:13:36

Health: -1/47      AC:  9    Str: 20    XL:     5   Next: 57%
Magic:  4/4        EV:  7    Int:  5    God:
Gold:   85         SH:  5    Dex: 12    Spells: 4/4 levels left

rFire   . . .      SeeInvis .   a - +0 war axe
rCold   . . .      Faith    .   c - +0 buckler
rNeg    . . .      Spirit   .   l - +0 chain mail
rPois   +          Reflect  .   (helmet restricted)
rElec   .          Harm     .   (no cloak)
rCorr   .          Rampage  .   (no gloves)
Will    .....                   (no boots)
Stlth   ..........              (no amulet)
HPRegen 0.15/turn               h - ring of poison resistance
MPRegen 0.09/turn               (no ring)

@: no status effects
A: horns 2, retaliatory headbutt
a: no special abilities


You were on level 4 of the Dungeon.
You visited 2 branches of the dungeon, and saw 5 of its levels.

You collected 85 gold pieces.

Inventory:

Hand Weapons
 a - a +0 war axe (weapon)
 g - a +0 broad axe
Missiles
 k - 3 boomerangs of dispersal (quivered)
Armour
 c - a +0 buckler (worn)
 l - a +0 chain mail (worn)
Jewellery
 h - a ring of poison resistance (left hand)
Potions
 b - a potion of curing {unknown}
 d - a potion of might


   Skills:
 + Level 4.6 Fighting
 * Level 4.6 Axes
 + Level 1.3 Throwing
 + Level 4.6 Armour
 + Level 4.6 Shields


You had 4 spell levels left.
You didn't know any spells.
Your spell library contained the following spells:

 Spells                   Type           Power      Damage    Failure   Level
 Slow                     Hex            0%         N/A       100%        1
 Confusing Touch          Hex            0%         N/A       100%        3
 Vampiric Draining        Necr           0%         2d6       100%        3


Dungeon Overview and Level Annotations

Branches:
Dungeon (4/15)             Temple (1/1) D:4

Altars:
Elyvilon
Hepliaklqana
Makhleb
Nemelex Xobeh
Trog
Vehumet
Xom
The Shining One

Shops:
D:4 =

Annotations:
D:3 Ijyb, Pargi


Innate Abilities, Weirdness & Mutations

You have a pair of horns on your head.
You reflexively headbutt those who attack you in melee.


Message History

The gnoll is severely wounded.
The gnoll closely misses you. The gnoll hits you with a +0 flail.
The gnoll hits you but does no damage. You block the gnoll's attack.
You slash the gnoll!
You kill the gnoll!
The gnoll hits you but does no damage.
The gnoll hits you from afar with a +0 spear. x2
You hit the gnoll.
You kill the gnoll!
The gnoll hits you from afar with a +0 spear.
You block the gnoll's attack. The gnoll hits you but does no damage.
The gnoll hits you from afar with a +0 spear.
The gnoll hits you with a +0 spear. The gnoll hits you but does no damage.
You barely miss the gnoll. The gnoll barely misses you.
The gnoll hits you but does no damage.
You closely miss the gnoll. The gnoll hits you with a +0 spear.
The gnoll hits you from afar with a +0 spear.
The gnoll barely misses you.
You slash the gnoll! Your headbutt misses the gnoll.
The gnoll is heavily wounded.
You block the gnoll's attack. The gnoll barely misses you.
The gnoll hits you from afar with a +0 spear!
* * * LOW HITPOINT WARNING * * *
You hit the gnoll.
The gnoll is heavily wounded.
The gnoll hits you with a +0 spear.
* * * LOW HITPOINT WARNING * * *
The gnoll hits you from afar with a +0 spear.
* * * LOW HITPOINT WARNING * * *
You completely miss the gnoll.
The gnoll is heavily wounded.
The gnoll hits you with a +0 spear.
* * * LOW HITPOINT WARNING * * *
The gnoll hits you but does no damage. x2
You closely miss the gnoll. You headbutt the gnoll.
The gnoll is almost dead.
You block the gnoll's attack. x2
The gnoll hits you from afar with a +0 spear.
You die...

..# ... #.# ... #.#.# #
#.# #....###. # #.#
#8#...# #.. #.# #.##...
#...# ##.######<##.##
......####............#
.....gg@..)..#####∩####
......######.# #.#
#...# #.# #8# #.. #.#
#.# # #.# #.# #.# #.#
#.# #.##### ..# #...^..
##.####


You could see 2 gnolls.

Vanquished Creatures
  2 orc wizards (D:3)
  2 gnolls (D:4)
  4 adders (D:3)
  An adder skeleton (D:4)
  2 worms
  3 dart slugs
  9 orcs
  6 ball pythons
  8 bats
  5 endoplasms
  3 giant cockroaches
  7 goblins
  3 hobgoblins
  7 jackals
  6 kobolds
  3 quokkas
  2 frilled lizards
  8 rats
81 creatures vanquished.

Notes
Turn   | Place    | Note
-------+----------+-------------------------------------------
     0 | D:1      | Uileat the Minotaur Fighter began the quest for the Orb.
     0 | D:1      | Reached XP level 1. HP: 19/19 MP: 0/0
    90 | D:1      | Reached XP level 2. HP: 21/27 MP: 1/1
   519 | D:1      | Reached XP level 3. HP: 30/33 MP: 2/2
   847 | D:2      | Found a faded altar of an unknown god.
  1142 | D:3      | Reached XP level 4. HP: 40/40 MP: 3/3
  1317 | D:3      | Reached XP level 5. HP: 40/47 MP: 4/4
  1353 | D:3      | Noticed Pargi
  1360 | D:3      | Noticed Ijyb
  1367 | D:3      | Reached skill level 1 in Throwing
  1443 | D:4      | Found a staircase to the Ecumenical Temple.
  1463 | Temple   | Entered the Ecumenical Temple
  1512 | D:4      | Found Ybeimufo's Jewellery Shoppe.
  1637 | D:4      | HP: 2/47 [gnoll/+0 spear (4)]
  1638 | D:4      | Slain by a gnoll

Illustrated notes

Levels and vault maps discovered:
D:1:      psy_arrival_heroes, layout_rooms
D:2:      layout_rooms, shapermc_ecumenical_altar_mp_highgroup,
          minmay_hexomino_p4
D:3:      layout_rooms, uniq_ijyb, uniq_crazy_yiuf_cottage, uniq_pargi
D:4:      layout_loops_ring, minmay_temple_entry_purple_smoke, serial_shops,
          shop_statue, uniq_duvessa, uniq_sigmund
Temple:   minmay_temple_bridge_abc

Skill      XL: |  1  2  3  4  5 |
---------------+----------------+-----
Axes           | 3 4 |  4.6
Armour         | 4 |  4.6
Shields        | 4 |  4.6
Fighting       | 4 |  4.6
Throwing       | 1 |  1.3

Action                   |  1- 3 |  4- 6 || total
-------------------------+-------+-------++-------
Melee: War axe           |    87 |   112 ||   199
       Headbutt          |     7 |    12 ||    19
  Use: Scroll            |       |     2 ||     2
       Potion            |       |     2 ||     2
Armor: Scale mail        |    40 |     5 ||    45
       Chain mail        |       |    60 ||    60
Dodge: Dodged            |    40 |    33 ||    73
Block: Buckler           |    20 |    32 ||    52
